 Dungeon Crawl Stone Soup version 0.21.1-1-g345015f (console) character file.

1468 erker the Changer (level 8, -4/60 HPs)
             Began as an Octopode Transmuter on Apr 6, 2018.
             Was a Believer of Cheibriados.
             Killed from afar by an orc priest (36 damage)
             ... with an exploding inner flame
             ... hexed by the player character
             ... on level 6 of the Dungeon on Apr 7, 2018.
             The game lasted 00:39:47 (4708 turns).

erker the Changer (Octopode Transmuter)             Turns: 4708, Time: 00:39:52

Health: -4/60      AC:  6    Str: 14    XL:     8   Next: 77%
Magic:  14/14      EV: 12    Int: 22    God:    Cheibriados [**....]
Gold:   167        SH:  0    Dex: 18    Spells: 5/15 levels left

rFire    x . .     SeeInvis .     - Unarmed
rCold    + + +     Gourm    .   (shield currently unavailable)
rNeg     . . .     Faith    .   (helmet currently unavailable)
rPois    +         Spirit   .   v - amulet of magic regeneration
rElec    .         Reflect  .   t - ring of poison resistance
rCorr    .         Harm     .   (no ring)
MR       .....                  (no ring)
Stlth    ++........             (no ring)
HPRegen  0.20/turn              (no ring)
MPRegen  0.39/turn              (no ring)
                                (no ring)
                                (no ring)

@: ice-form, very slow
A: large, almost no armour, stealthy swim, amphibious, 8 rings, (constrict 8)
a: End Transformation, Bend Time, Renounce Religion


You were on level 6 of the Dungeon.
You worshipped Cheibriados.
Cheibriados was pleased with you.
You were not hungry.
You were a creature of crystalline ice.
You visited 2 branches of the dungeon, and saw 9 of its levels.

You collected 167 gold pieces.

Inventory:

Hand Weapons
 o - a +1 hand axe of holy wrath
Missiles
 a - 45 arrows
 i - 71 bolts
 w - 12 poisoned needles
Jewellery
 t - a ring of poison resistance (left front paw)
 v - an amulet of magic regeneration (around neck)
Wands
 y - a wand of flame (32)
 z - a wand of digging (9)
Scrolls
 d - a scroll of silence {unknown}
 e - a scroll of random uselessness
 f - a scroll of fear {unknown}
 h - a scroll of noise {unknown}
 j - 4 scrolls of remove curse
 l - a scroll of immolation
 m - 3 scrolls of enchant weapon
 p - a scroll of magic mapping {unknown}
 q - 2 scrolls of teleportation {unknown}
 x - a scroll of fog {unknown}
 A - a scroll of identify
Potions
 g - 2 potions of mutation
 k - 2 potions of might
 n - a potion of haste
 s - a potion of curing
 u - a potion of flight
Books
 b - a book of Changes

   Spells                             Type                      Level
   a - Beastly Appendage              Transmutation                1
   b - Sticks to Snakes               Transmutation                2
   c - Spider Form                    Transmutation/Poison         3
   d - Ice Form                       Ice/Transmutation            4
   e - Blade Hands                    Transmutation                5
Comestibles
 c - 7 rations
 r - 3 chunks of flesh


   Skills:
 + Level 1.9 Fighting
 + Level 3.4 Dodging
 + Level 5.6 Unarmed Combat
 - Level 4.0 Spellcasting
 * Level 7.0 Transmutations
 * Level 2.8 Ice Magic
 - Level 2.0 Poison Magic
 * Level 1.4 Invocations


You had 5 spell levels left.
You knew the following spells:

 Your Spells              Type           Power        Failure   Level  Hunger
a - Beastly Appendage     Tmut           #####.       1%          1    None
s - Spider Form           Tmut/Pois      ###.......   5%          3    ###....
t - Sticks to Snakes      Tmut           #####...     1%          2    #......
y - Ice Form              Ice/Tmut       ####....     14%         4    ####...


Dungeon Overview and Level Annotations

Branches:
Dungeon (8/15)             Temple (1/1) D:5
   Lair: D:8-11

Altars:
Cheibriados
Dithmenos
Elyvilon
Fedhas
Gozag
Hepliaklqana
Makhleb
Nemelex Xobeh
Okawaru
Qazlal
Ru
Sif Muna
Trog
Vehumet
Wu Jian
Zin
Lugonu

Annotations:
D:6 3 exclusions


Innate Abilities, Weirdness & Mutations

You cannot wear most types of armour.
You are very stealthy in the water. (Stealth+)
You are amphibious.
You can wear up to eight rings at the same time.
((You can use your tentacles to constrict eight enemies at once.))
((Your skin changes colour to match your surroundings (Stealth+).))
((Your rubbery body absorbs attacks. (AC +1, EV +1)))


Message History

Unknown command.
Unknown command.
Unknown command.
Unknown command.
Unknown command.
Unknown command.
As you read the scroll labeled SEYMAU WYUSK, it crumbles to dust.
The creatures around you are filled with an inner flame!
It was a scroll of immolation.
The purple ugly thing headbutts your ball python!
Your ball python explodes!
The fiery explosion engulfs the orc priest.
The orc priest explodes!
The fiery explosion engulfs the purple ugly thing.
The purple ugly thing is severely wounded.
Cheibriados appreciates the change of pace.
You feel a bit more experienced. The fiery explosion engulfs you!
The fire burns you terribly!
Ouch! That really hurt!
You die...

#.... .. ...o .
... . #s. #. o.
#.###o# #.§#u.# .
##...8...###.§§##
##.
#.........###§§Y#
.. .⌠.o.o.⌠.
#..#.###.#
....... #.##.##..
..8.. ##.. #..#.#
..o ##.## ##.#.#
#+###..#####...#
#..#...........##
##.....#######..#
##.......## ##..#


You could see a purple ugly thing (inner flame).

Vanquished Creatures
  A hippogriff (D:7)
  2 orc warriors
  2 centaurs
  A water moccasin zombie (D:7)
  3 scorpions
  A howler monkey (D:4)
  A crimson imp (D:7)
  4 orc wizards
  2 hounds (D:5)
  Terence (D:2)
  A bullfrog skeleton (D:5)
  An iguana (D:5)
  A hound skeleton (D:4)
  5 gnolls
  3 adders
  A shadow imp (D:6)
  3 oozes
  A worm (D:3)
  2 dart slugs
  5 leopard geckos
  7 orcs
  A ball python (D:2)
  6 bats
  3 giant cockroaches
  6 goblins
  4 hobgoblins
  10 jackals
  4 frilled lizards
  A jackal skeleton (D:4)
  5 kobolds
  A quokka zombie (D:6)
  4 rats
93 creatures vanquished.

Vanquished Creatures (collateral kills)
  A hippogriff (D:7)
  2 ogres
  An adder (D:3)
  An orc (D:3)
  A goblin (D:3)
  A kobold (D:2)
7 creatures vanquished.

Grand Total: 100 creatures vanquished

Notes
Turn   | Place    | Note
-------+----------+-------------------------------------------
     0 | D:1      | erker the Octopode Transmuter began the quest for the Orb.
     0 | D:1      | Reached XP level 1. HP: 13/13 MP: 3/3
   222 | D:1      | Reached XP level 2. HP: 15/18 MP: 3/5
   232 | D:1      | Learned a level 2 spell: Sticks to Snakes
   365 | D:1      | Reached XP level 3. HP: 19/23 MP: 4/6
   392 | D:1      | Reached skill level 3 in Transmutations
  1045 | D:2      | Noticed Terence
  1433 | D:2      | Killed Terence
  1433 | D:2      | Reached XP level 4. HP: 15/28 MP: 0/8
  1736 | D:2      | Learned a level 3 spell: Spider Form
  1738 | D:2      | Found a shadowy altar of Dithmenos.
  1793 | D:2      | Found a snail-covered altar of Cheibriados.
  1810 | D:2      | Became a worshipper of Cheibriados the Contemplative
  2088 | D:2      | Found an iron altar of Okawaru.
  2183 | D:3      | Reached skill level 1 in Poison Magic
  2224 | D:3      | Found a hazy altar of Hepliaklqana.
  2413 | D:3      | Noticed an orc warrior
  2417 | D:3      | Reached skill level 4 in Transmutations
  2417 | D:3      | Reached XP level 5. HP: 25/33 MP: 4/10
  2434 | D:3      | Killed an orc warrior
  2434 | D:3      | Reached XP level 6. HP: 5/38 MP: 2/11
  2525 | D:3      | Reached * piety under Cheibriados
  2801 | D:3      | Learned a level 4 spell: Ice Form
  3369 | D:4      | Found a bloodstained altar of Trog.
  3588 | D:5      | Entered Level 5 of the Dungeon
  3618 | D:5      | Reached skill level 5 in Transmutations
  3618 | D:5      | Reached XP level 7. HP: 43/43 MP: 8/13
  3646 | D:5      | Found a staircase to the Ecumenical Temple.
  3661 | Temple   | Entered the Ecumenical Temple
  3717 | D:5      | Reached skill level 1 in Ice Magic
  3776 | D:5      | Found a burning altar of Makhleb.
  3823 | D:5      | You fall through a shaft for 3 floors!
  3953 | D:7      | Noticed a hippogriff
  3975 | D:7      | You fall through a shaft!
  4006 | D:7      | Noticed a hippogriff
  4022 | D:7      | Killed a hippogriff
  4022 | D:7      | Reached ** piety under Cheibriados
  4022 | D:7      | Reached XP level 8. HP: 41/48 MP: 9/14
  4031 | D:7      | Reached skill level 6 in Transmutations
  4032 | D:7      | Reached skill level 5 in Unarmed Combat
  4176 | D:7      | Noticed a hippogriff
  4186 | D:7      | Killed a hippogriff
  4544 | D:6      | Reached skill level 1 in Invocations
  4572 | D:6      | Found a sparkling altar of Nemelex Xobeh.
  4572 | D:6      | Found an opulent altar of Gozag.
  4615 | D:6      | Found a stormy altar of Qazlal.
  4696 | D:6      | Reached skill level 7 in Transmutations
  4704 | D:6      | Noticed a purple ugly thing
  4708 | D:6      | Killed from afar by an orc priest

Skill      XL: |  1  2  3  4  5  6  7  8 |
---------------+-------------------------+-----
Transmutations | 3 4 5 7 |  7.0
Spellcasting   | 3 4 |  4.0
Poison Magic   | 1 2 |  2.0
Unarmed Combat | 4 5 |  5.6
Ice Magic      | 1 2 |  2.8
Dodging        | 3 |  3.4
Invocations    | 1 |  1.4
Fighting       | |  1.9

Action                   |  1- 3 |  4- 6 |  7- 9 || total
-------------------------+-------+-------+-------++-------
Melee: Unarmed           |    75 |   103 |    84 ||   262
       Constrict         |    21 |    13 |       ||    34
       Kick              |    11 |     3 |       ||    14
       Tentacles         |    14 |    11 |       ||    25
       Punch             |     2 |     1 |       ||     3
 Cast: Beastly Appendage |    16 |     9 |       ||    25
       Sticks to Snakes  |     8 |     7 |    15 ||    30
       Spider Form       |       |    11 |     2 ||    13
       Ice Form          |       |     2 |    10 ||    12
 Abil: End Transformatio |       |       |     1 ||     1
  Use: Scroll            |       |     5 |     4 ||     9
 Stab: Sleeping          |     2 |     6 |     1 ||     9
  Eat: Chunk             |     2 |     7 |     4 ||    13
Armor: Skin              |     3 |     7 |    17 ||    27
Dodge: Dodged            |    46 |    70 |    61 ||   177
